AoeStats
← eduhaas

Fortress

510245295Analyzed
4v4 RM · 1d ago on Sep 30, 2026· 25m 38s· 8 players
Game mode
Random Map
Map size
Huge
Population
200
Speed
Normal
Resources
Standard
Victory
Conquest
Starting age
Dark Age
Ending age
Imperial Age
RankedLock teamsTeams togetherTeam positionsShared explorationLock speedFull tech treeHidden civsTurbo modeCheats
Victory
Defeat
🇨🇱 Khmer · Chile
1140
+14
🇨🇴 Varangians · Colombia
1106
+15
🇨🇴 Saxons · Colombia
1106
+15
🇨🇦 Poles · Canada
1094
+16
🇮🇳 Persians · India
1193
-19
🇨🇳 Saracens · China
1066
-14
🇲🇽 Spanish · Mexico
1054
-14
🇧🇷 Byzantines · Brazil
1042
-13
fabian snow
7:55 Feudal Age
10:47 Castle Age
8:40 Double-Bit Axe
18:00 Bow Saw
17:33 Horse Collar
18:59 Heavy Plow
18:54 Gold Mining
20:07 Wheelbarrow
20:19 Gold Shaft Mining
21:19 Hand Cart
26:13 Imperial Age
carlosed93
6:52 Feudal Age
7:24 Double-Bit Axe
7:20 Horse Collar
14:36 Castle Age
13:35 Gold Mining
14:05 Man-at-Arms
16:38 Loom
mac3201
7:00 Feudal Age
8:07 Double-Bit Axe
12:50 Castle Age
11:53 Gold Mining
12:33 Bloodlines
14:01 Bow Saw
13:32 Horse Collar
18:29 Scale Barding Armor
18:17 Fletching
18:41 Forging
19:53 Husbandry
21:44 Stone Mining
22:25 Scale Barding Armor
22:56 Iron Casting
24:29 Chain Barding Armor
26:35 Ballistics
crabjuice
4:12 Loom
9:56 Feudal Age
11:04 Horse Collar
11:12 Double-Bit Axe
14:35 Castle Age
13:11 Wheelbarrow
12:33 Stone Mining
12:36 Gold Mining
15:24 Forging
15:21 Scale Barding Armor
16:08 Wheelbarrow
16:23 Bow Saw
16:35 Bow Saw
16:30 Heavy Plow
16:52 Szlachta Privileges
17:20 Husbandry
18:19 Iron Casting
19:52 Bloodlines
eduhaas
7:25 Feudal Age
6:33 Loom
11:13 Castle Age
10:19 Double-Bit Axe
10:35 Horse Collar
13:04 Bow Saw
21:39 Gold Mining
27:14 Imperial Age
24:57 Bloodlines
24:48 Husbandry
25:04 Scale Barding Armor
25:10 Forging
25:13 Stone Mining
Jcn_x
0:36 Loom
8:08 Feudal Age
8:54 Double-Bit Axe
12:53 Castle Age
12:47 Stone Mining
12:53 Horse Collar
15:12 Husbandry
19:18 Wheelbarrow
21:35 Heavy Plow
22:36 Bow Saw
23:47 Scale Barding Armor
23:53 Forging
24:07 Gold Mining
25:34 Chain Barding Armor
LIGHTYRIX
6:39 Feudal Age
11:10 Castle Age
10:34 Double-Bit Axe
10:30 Horse Collar
15:22 Bow Saw
20:23 Heavy Plow
20:48 Gold Mining
23:27 Forging
23:22 Scale Barding Armor
23:30 Bloodlines
23:42 Husbandry
游戏只是娱乐
7:38 Feudal Age
11:20 Castle Age
9:11 Horse Collar
Connection lost

Rejoining the realm…

Still unreachable

The connection could not be restored.

Session expired

The server has moved on; the page needs a fresh start.